 Dungeon Crawl Stone Soup version 0.20.0-3-g22ec75f (webtiles) character file.

100 MirrMurr the Covered (level 4, -2/29 HPs)
             Began as a Gargoyle Fighter on May 26, 2017.
             Killed from afar by an orc wizard (4 damage)
             ... with a puff of frost
             ... on level 3 of the Dungeon.
             The game lasted 00:06:51 (2130 turns).

MirrMurr the Covered (Gargoyle Fighter)             Turns: 2130, Time: 00:06:52

Health: -2/29      AC: 13    Str: 25    XL:     4   Next: 73%
Magic:  4/4        EV:  6    Int:  9    God:
Gold:   127        SH:  9    Dex:  9    Spells: 3/3 levels left

rFire    . . .     SeeInvis .   a - +0 flail
rCold    . . .     Gourm    .   c - +0 shield
rNeg     + . .     Faith    .   u - +0 chain mail
rPois    ∞         Spirit   .   (no helmet)
rElec    +         Reflect  .   (no cloak)
rCorr    .         Harm     .   (no gloves)
MR       .....                  (no boots)
Stlth    ..........             (no amulet)
Regen    0.1/turn               (no ring)
MPRegen  0.1/turn               (no ring)

@: mighty
A: negative energy resistance 1, electricity resistance, unbreathing,
petrification resistance, rot immunity, AC +3
a: no special abilities


You were on level 3 of the Dungeon.
You were not hungry.

You visited 1 branch of the dungeon, and saw 3 of its levels.

You collected 127 gold pieces.

Inventory:

Hand Weapons
 a - a +0 flail (weapon)
 b - a +0 hunting sling
Missiles
 g - 115 stones
 l - 6 javelins (quivered)
 p - 31 sling bullets
Armour
 c - a +0 shield (worn)
 u - a +0 chain mail (worn)
Scrolls
 i - a scroll of recharging {unknown}
 j - 2 scrolls of enchant armour {unknown}
 k - 4 scrolls of identify {unknown}
 o - a scroll of teleportation {unknown}
 q - a scroll of immolation {unknown}
 r - a scroll of remove curse
 t - a scroll of magic mapping {unknown}
 v - a scroll of fear {unknown}
Potions
 e - 3 potions of curing {unknown}
 n - a potion of haste {unknown}
 s - a potion of degeneration {unknown}
 x - a potion of mutation {unknown}
Comestibles
 f - a bread ration
 h - 2 royal jellies
 w - a meat ration
 z - a chunk of flesh


   Skills:
 + Level 3.9 Fighting
 * Level 3.3 Maces & Flails
 + Level 4.1 Armour
 + Level 3.7 Shields


You had 3 spell levels left.
You didn't know any spells.

Dungeon Overview and Level Annotations

Branches:
Dungeon (3/15)

Altars:
Nemelex Xobeh


Innate Abilities, Weirdness & Mutations

You are resistant to torment.
Your stone body is resilient. (AC +3)
You are immune to poison.
You resist negative energy. (rN+)
You are resistant to electric shocks. (rElec)
You can survive without breathing.
You are immune to petrification.
You are immune to rotting.


Message History

Something hits you but does no damage. x2
You closely miss something. You block something's attack.
Something hits you but does no damage.
You feel very mighty all of a sudden.
You hear some strange, mumbled words.
A magic dart appears from out of thin air!
The magic dart hits you!
* * * LOW HITPOINT WARNING * * *
Something hits you but does no damage.
You closely miss something.
You hear some strange, mumbled words.
A puff of flame appears from out of thin air!
The puff of flame hits you!
* * * LOW HITPOINT WARNING * * *
Something hits you but does no damage.
You barely miss something.
You hear some strange, mumbled words.
A puff of frost appears from out of thin air!
The puff of frost hits you!
You die...

# #................#
#.#................#
#.#................#
#.......)......#####
.#####............#
..................#
.######...........#
#####.####### #@#
#{# ..####o#########
......ogg.......#
.......g........#
...........÷....#
g...............#
.......(.(......#
###.............#


You could see 3 gnolls and 2 orcs.

Vanquished Creatures
  2 adders (D:2)
  An ooze (D:1)
  A leopard gecko (D:2)
  2 orcs (D:3)
  A ball python (D:2)
  5 giant cockroaches
  9 goblins
  5 hobgoblins
  10 jackals
  9 bats
  A frilled lizard (D:1)
  12 kobolds
  8 rats
66 creatures vanquished.

Notes
Turn   | Place    | Note
-------+----------+-------------------------------------------
     0 | D:1      | MirrMurr the Gargoyle Fighter began the quest for the Orb.
     0 | D:1      | Reached XP level 1. HP: 14/14 MP: 1/1
   162 | D:1      | Reached XP level 2. HP: 19/19 MP: 2/2
   570 | D:1      | Reached XP level 3. HP: 21/23 MP: 3/3
  1239 | D:2      | Found a sparkling altar of Nemelex Xobeh.
  1315 | D:2      | Reached skill level 4 in Armour
  1315 | D:2      | Reached XP level 4. HP: 24/29 MP: 4/4
  2130 | D:3      | Killed from afar by an orc wizard

Skill      XL: |  1  2  3  4 |
---------------+-------------+-----
Armour         | 4 |  4.1
Maces & Flails | 3 |  3.3
Fighting       | |  3.9
Shields        | |  3.7

Action                   |  1- 3 |  4- 6 || total
-------------------------+-------+-------++-------
Melee: Flail             |   165 |    26 ||   191
 Fire: Hunting sling     |     1 |    63 ||    64
Throw: Throwing net      |       |     1 ||     1
  Use: Scroll            |     1 |       ||     1
       Potion            |       |     1 ||     1
  Eat: Chunk             |     1 |     3 ||     4
Armor: Scale mail        |    70 |       ||    70
       Chain mail        |    20 |    52 ||    72
Dodge: Dodged            |    49 |    10 ||    59
Block: Shield            |    97 |    24 ||   121
